 Dungeon Crawl Stone Soup version 0.27-a0-1456-gf5a116941d (webtiles) character file.

Game seed: 16659494988090529899

77 wesbby the Slasher (level 4, -6/40 HPs)
             Began as a Minotaur Berserker on July 6, 2021.
             Was a Believer of Trog.
             Mangled by Sigmund (10 damage)
             ... on level 2 of the Dungeon.
             The game lasted 00:02:28 (2096 turns).

wesbby the Slasher (Minotaur Berserker)             Turns: 2096, Time: 00:02:29

Health: -6/40      AC:  6    Str: 23    XL:     4   Next: 14%
Magic:  3/3        EV: 12    Int:  4    God:    Trog [**....]
Gold:   76         SH:  0    Dex:  9    Spells: 3/3 levels left

rFire    . . .     SeeInvis .   a - +0 falchion
rCold    . . .     Faith    .   (no shield)
rNeg     . . .     Spirit   .   e - +0 leather armour
rPois    .         Reflect  .   (helmet restricted)
rElec    .         Harm     .   i - scarf {+Inv}
rCorr    .         Rampage  .   d - +2 pair of gloves
Will     .....                  (no boots)
Stlth    +.........             (no amulet)
HPRegen  0.13/turn              (no ring)
MPRegen  0.08/turn              (no ring)

@: on berserk cooldown, slowed, very slow
A: horns 2, retaliatory headbutt
a: Renounce Religion, Evoke Invisibility, Berserk, Trog's Hand


You were on level 2 of the Dungeon.
You worshipped Trog.
Trog was pleased with you.
You visited 1 branch of the dungeon, and saw 2 of its levels.

You collected 76 gold pieces.

Inventory:

Hand Weapons
 a - a +0 falchion (weapon)
Armour
 b - a +0 animal skin
 d - a +2 pair of gloves (worn)
 e - a +0 leather armour (worn)
 i - a scarf of invisibility (worn)
Scrolls
 c - 2 scrolls of identify {unknown}
 h - a scroll of enchant armour {unknown}
Potions
 f - a potion of ambrosia {unknown}
 g - a potion of degeneration {unknown}
 j - a potion of resistance {unknown}


   Skills:
 * Level 4.3 Fighting
 * Level 4.9 Long Blades
 * Level 2.4 Armour
 * Level 3.2 Dodging
 + Level 0.1 Stealth


You had 3 spell levels left.
You didn't know any spells.
Your spell library was empty.

Dungeon Overview and Level Annotations

Branches:
Dungeon (2/15)

Altars:
Gozag

Annotations:
D:2 Sigmund


Innate Abilities, Weirdness & Mutations

You have a pair of horns on your head.
You reflexively headbutt those who attack you in melee.


Message History

The slug dart hits you. Sigmund hits you but does no damage.
Sigmund misses you.
A red film seems to cover your vision as you go berserk!
You feel yourself moving faster!
You feel mighty! Sigmund barely misses you.
You feel a strong urge to attack something.
Sigmund hits you with a +4 scythe of flaming!
Sigmund burns you.
You barely miss Sigmund.
Sigmund casts a spell.
Sigmund flickers and vanishes!
Deactivating autopickup; reactivate with Ctrl-A.
You miss something. Something hits you. Something burns you.
You hit something. The dart slug launches a dart at you.
The slug dart misses you. Something hits you. Something burns you.
You miss something. You miss something.
You are no longer berserk.
You are exhausted.
You feel yourself slow down. Something barely misses you.
You miss something. Something hits you but does no damage. Something hits you.
Something burns you.
You hit something. The dart slug launches a dart at you.
The slug dart hits you. Something hits you but does no damage.
You hit something but do no damage.
You hear some strange, mumbled words.
A puff of flame appears from out of thin air!
The puff of flame hits you. The dart slug launches a dart at you.
The slug dart misses you. Something hits you!
* * * LOW HITPOINT WARNING * * *
Something burns you.
* * * LOW HITPOINT WARNING * * *
The dart slug launches a dart at you. The slug dart hits you.
* * * LOW HITPOINT WARNING * * *
Something hits you!
You die...

###
#############.##
#....[#......#.#
......{.@.....#####
..._..#.###.......#
..... #w# #.#.###.#
.... #.###...###.#
#.
...............##.#
#.#
####.........<.##.#
#.#
w.....###....##.#
#.# #.#..###
#.......###.## ..
... ##..........(#


You could see a dart slug.

Vanquished Creatures
  3 adders (D:2)
  2 dart slugs (D:1)
  5 endoplasms
  3 giant cockroaches (D:1)
  3 goblins
  3 hobgoblins (D:1)
  4 jackals (D:1)
  5 kobolds
  5 ball pythons
  5 bats
  4 frilled lizards
  4 rats
46 creatures vanquished.

Notes
Turn   | Place    | Note
-------+----------+-------------------------------------------
     0 | D:1      | wesbby the Minotaur Berserker began the quest for the Orb.
     0 | D:1      | Reached XP level 1. HP: 19/19 MP: 0/0
   500 | D:1      | Reached XP level 2. HP: 20/27 MP: 1/1
   918 | D:1      | Reached ** piety under Trog
   942 | D:1      | Reached XP level 3. HP: 33/33 MP: 2/2
  2002 | D:2      | Reached XP level 4. HP: 40/40 MP: 3/3
  2076 | D:2      | Found an opulent altar of Gozag.
  2078 | D:2      | Noticed Sigmund
  2096 | D:2      | Mangled by Sigmund

Illustrated notes

Levels and vault maps discovered:
D:1:      dpeg_arrival_erosion, layout_basic, chequers_arboretum,
          corexii_corridor_pit, chequers_jeans
D:2:      layout_loops_ring, basic_altar,
          shapermc_ecumenical_altar_totnotflames, uniq_sigmund

Skill      XL: |  1  2  3 |
---------------+----------+-----
Long Blades    | 4 |  4.9
Fighting       | 4 |  4.3
Dodging        | 3 |  3.2
Armour         | |  2.4
Stealth        | |  0.1

Action                   |  1- 3 |  4- 6 || total
-------------------------+-------+-------++-------
Melee: Falchion          |    86 |     9 ||    95
       Headbutt          |     8 |     1 ||     9
Invok: Berserk           |     1 |     1 ||     2
 Stab: Sleeping          |     1 |       ||     1
Armor: Leather armour    |    32 |     3 ||    35
Dodge: Dodged            |    62 |     7 ||    69
       Rpst.: Falchion   |     8 |     1 ||     9

Table legend: (Time is in decaauts)
 A = Elapsed time spent in this place.
 B = Non-inter-level travel time spent in this place.
 C = Inter-level travel time spent in this place.
 D = Time resting spent in this place.
 E = Time spent auto-exploring this place.
 F = Levels seen in this place.
 G = Mean time per level.
                   A        B        C        D        E       F      G
               +--------+--------+--------+--------+--------+-----+--------+
         Total |   2107 |   1982 |    125 |    136 |   1592 |   2 | 1053.5 |
       Dungeon |   2107 |   1982 |    125 |    136 |   1592 |   2 | 1053.5 |
               +--------+--------+--------+--------+--------+-----+--------+

Top non-repeatable levels by time:
     D:1: 1670 daAuts
     D:2: 437 daAuts
